AoeStats
← Bandolero

Lombardia

508568222Analyzed
4v4 RM · 8d ago on Sep 23, 2026· 45m 27s· 8 players
Game mode
Random Map
Map size
Large (8 player)
Population
200
Speed
Normal
Resources
Standard
Victory
Conquest
Starting age
Dark Age
Ending age
Imperial Age
RankedLock teamsTeams togetherTeam positionsShared explorationLock speedFull tech treeHidden civsTurbo modeCheats
Victory
Defeat
🇨🇳 Huns · China
1549
+18
🇲🇽 Tupi · Mexico
1528
+18
🇹🇼 Vietnamese · Taiwan
1526
+19
1490
+20
🇦🇷 Hindustanis · Argentina
1697
-23
🇧🇷 Varangians · Brazil
1695
-24
🇺🇸 Vietnamese · United States
1475
-14
🇵🇹 Saxons · Portugal
1462
-14
系色望捏
1:39 Loom
6:49 Loom
8:46 Feudal Age
9:55 Double-Bit Axe
11:16 Horse Collar
18:34 Castle Age
17:52 Bloodlines
17:45 Gold Mining
18:34 Fletching
19:33 Bow Saw
19:33 Bodkin Arrow
19:40 Husbandry
22:07 Wheelbarrow
24:13 Ballistics
25:21 Thumb Ring
27:29 Padded Archer Armor
33:40 Imperial Age
31:57 Leather Archer Armor
33:19 Gold Shaft Mining
33:44 Heavy Cavalry Archer
34:50 Parthian Tactics
34:27 Bracer
35:36 Chemistry
38:14 Conscription
38:34 Caravan
43:37 Scale Barding Armor
43:43 Forging
44:27 Light Cavalry
45:56 Hand Cart
45:17 Hussar
46:18 Chain Barding Armor
javiermx
9:15 Feudal Age
9:21 Feudal Age
14:23 Castle Age
13:13 Fletching
13:19 Double-Bit Axe
21:55 Bodkin Arrow
26:49 Ballistics
30:02 Loom
33:03 Padded Archer Armor
35:13 Leather Archer Armor
38:54 Imperial Age
40:49 Chemistry
40:03 Curare
41:24 Bracer
44:32 Horse Collar
46:11 Ring Archer Armor
快樂 543
8:32 Loom
11:17 Feudal Age
12:56 Double-Bit Axe
16:15 Castle Age
14:13 Horse Collar
17:32 Bow Saw
20:46 Heavy Plow
23:00 Wheelbarrow
22:28 Gold Mining
25:07 Stone Mining
29:05 Imperial Age
28:36 Ballistics
28:19 Padded Archer Armor
30:15 Paper Money
30:07 Fletching
31:31 Chemistry
30:36 Town Watch
30:57 Bodkin Arrow
32:44 Coinage
31:51 Elite Rattan Archer
33:11 Siege Engineers
34:21 Bracer
34:37 Leather Archer Armor
38:07 Ring Archer Armor
37:36 Murder Holes
39:07 Two-Man Saw
39:02 Caravan
44:15 Banking
43:33 Treadmill Crane
遥かに仰ぎ,麗しの
11:05 Feudal Age
14:34 Castle Age
12:33 Double-Bit Axe
13:55 Horse Collar
15:39 Bow Saw
24:49 Wheelbarrow
24:40 Loom
24:40 Town Watch
24:59 Heavy Plow
26:18 Gold Mining
26:18 Stone Mining
30:53 Imperial Age
29:04 Scale Mail Armor
29:14 Forging
29:55 Hand Cart
30:15 Town Patrol
30:46 Ballistics
31:05 Chain Mail Armor
31:00 Forging
32:30 Plate Mail Armor
32:44 Conscription
33:52 Elite Varangian Guard
37:01 Gold Shaft Mining
36:42 Shield Wall
37:39 Squires
37:25 Arson
39:03 Pikeman
40:25 Iron Casting
40:41 Gambesons
43:42 Fletching
45:06 Chemistry
Savitar_pt
10:59 Feudal Age
12:33 Double-Bit Axe
12:52 Horse Collar
15:18 Castle Age
15:50 Wheelbarrow
16:15 Bow Saw
16:22 Heavy Plow
18:56 Loom
21:16 Stone Mining
21:31 Gold Mining
29:15 Imperial Age
29:24 Imperial Age
27:17 Hand Cart
29:34 Shield Wall
30:35 Conscription
30:17 Scale Mail Armor
30:28 Forging
32:41 Elite Hearth Troop
33:37 Chain Mail Armor
33:58 Iron Casting
33:24 Elite Varangian Guard
36:17 Plate Mail Armor
35:50 Squires
35:38 Gambesons
36:41 Hoardings
39:50 Pikeman
43:21 Halberdier
APZz_
6:25 Loom
8:56 Feudal Age
9:51 Double-Bit Axe
10:53 Horse Collar
12:53 Bloodlines
17:05 Castle Age
15:38 Forging
16:00 Stone Mining
18:09 Bow Saw
25:44 Wheelbarrow
27:01 Heavy Plow
27:23 Scale Barding Armor
28:04 Husbandry
28:55 Chain Barding Armor
29:21 Bloodlines
31:18 Hand Cart
34:08 Imperial Age
32:03 Hand Cart
31:47 Town Watch
31:53 Gold Mining
33:23 Iron Casting
35:37 Plate Barding Armor
34:23 Elite Jarl
35:14 Caravan
36:07 Guilds
36:49 Conscription
38:18 Town Patrol
40:37 Blast Furnace
43:21 Two-Man Saw
42:57 Stone Shaft Mining
45:29 Fletching
Bandolero
6:36 Loom
9:07 Feudal Age
10:00 Double-Bit Axe
17:41 Castle Age
16:23 Scale Barding Armor
16:31 Forging
16:13 Horse Collar
18:49 Bow Saw
20:47 Wheelbarrow
22:42 Stone Mining
24:40 Gold Mining
24:55 Town Watch
28:10 Gold Shaft Mining
30:54 Imperial Age
29:05 Stone Shaft Mining
28:51 Scale Mail Armor
29:26 Iron Casting
29:56 Chain Mail Armor
30:54 Scale Barding Armor
30:40 Fletching
31:52 Bloodlines
31:03 Heavy Camel Rider
31:43 Husbandry
32:05 Conscription
32:52 Chain Barding Armor
33:44 Two-Man Saw
32:40 Imperial Camel Rider
34:23 Blast Furnace
35:40 Plate Barding Armor
37:09 Caravan
39:52 Illumination
39:30 Devotion
39:03 Siege Elephant
39:13 Light Cavalry
40:25 Hussar
41:40 Heavy Plow
42:21 Elite Ghulam
PorT_Strat_
10:46 Feudal Age
14:49 Castle Age
14:05 Double-Bit Axe
14:17 Horse Collar
16:03 Bow Saw
19:19 Loom
21:29 Heavy Plow
23:39 Wheelbarrow
26:49 Fletching
29:08 Ballistics
30:38 Bodkin Arrow
30:43 Padded Archer Armor
35:41 Imperial Age
34:02 Leather Archer Armor
34:29 Masonry
36:30 Bracer
36:39 Thumb Ring
38:42 Town Watch
39:13 Hand Cart
41:27 Chemistry
39:50 Elite Skirmisher
42:07 Ring Archer Armor
41:15 Imperial Skirmisher
Connection lost

Rejoining the realm…

Still unreachable

The connection could not be restored.

Session expired

The server has moved on; the page needs a fresh start.